 Dungeon Crawl Stone Soup version 0.27.0-1-g7a08968 (webtiles) character file.

Game seed: 2197902972020824028

56 BALLS the Slasher (level 3, 0/19 HPs)
             Began as a Vine Stalker Fighter on Jan 24, 2022.
             Succumbed to an adder's poison
             ... on level 2 of the Dungeon.
             The game lasted 00:02:16 (1342 turns).

BALLS the Slasher (Vine Stalker Fighter)            Turns: 1342, Time: 00:02:16

Health: 0/19       AC:  6    Str: 19    XL:     3   Next: 97%
Magic:  2/4        EV:  7    Int:  8    God:
Gold:   111        SH:  9    Dex: 13    Spells: 2/2 levels left

rFire    . . .     SeeInvis .   a - +0 long sword
rCold    . . .     Faith    .   c - +0 kite shield
rNeg     . . .     Spirit   +   b - +0 scale mail
rPois    .         Reflect  .   (no helmet)
rElec    .         Harm     .   (no cloak)
rCorr    .         Rampage  .   (no gloves)
Will     .....                  (no boots)
Stlth    ..........             (no amulet)
HPRegen  0.06/turn              (no ring)
MPRegen  0.09/turn              (no ring)

@: lethally poisoned (0 -> -7)
A: fangs 2, magic shield, antimagic bite, no potion heal 2
a: no special abilities


You were on level 2 of the Dungeon.
You visited 1 branch of the dungeon, and saw 3 of its levels.

You collected 111 gold pieces.

Inventory:

Hand Weapons
 a - a +0 long sword (weapon)
Missiles
 e - a throwing net (quivered)
Armour
 b - a +0 scale mail (worn)
 c - a +0 kite shield (worn)
Scrolls
 f - a scroll of torment {unknown}
Potions
 d - a potion of might


   Skills:
 - Level 2.6 Fighting
 + Level 3.7 Long Blades
 - Level 2.4 Armour
 - Level 2.6 Shields


You had 2 spell levels left.
You didn't know any spells.
Your spell library contained the following spells:

 Spells                   Type           Power      Damage    Failure   Level
 Stone Arrow              Conj/Erth      0%         3d7       100%        3
 Bolt of Magma            Conj/Fire/Erth 0%         4d4       100%        5
 Shatter                  Erth           0%         3d5*      100%        9


Dungeon Overview and Level Annotations

Branches:
Dungeon (3/15)

Altars:

Shops:
D:1 (


Innate Abilities, Weirdness & Mutations

You have extremely sharp teeth.
When hurt, damage is shared between your health and your magic reserves.
Your bite disrupts and absorbs the magic of your enemies.
Potions cannot restore your health.


Message History

You see here a lumpy green potion.
Your shield prevents you from hitting the frilled lizard.
Your bite misses the frilled lizard. The frilled lizard barely misses you.
You riposte.
You hit the frilled lizard.
You kill the frilled lizard!
You hit the ball python.
You kill the ball python!
Things that are here:
a ball python corpse; a frilled lizard corpse
g - a lumpy green potion
There are no items here.
There is a stone staircase leading up here.
You climb upwards.
The adder hisses angrily.
There is a stone staircase leading down here.
You closely miss the adder. The adder bites you but does no damage.
The adder bites you.
You are poisoned.
The adder poisons you!
You closely miss the adder.
You feel very sick. The adder bites you but does no damage.
The adder bites you.
You are more poisoned.
The adder poisons you!
You hit the adder. Your bite misses the adder.
The adder is heavily wounded.
You feel very sick. You block the adder's attack. x2
You miss the adder. Your bite misses the adder.
The adder is heavily wounded.
You feel sick. The adder bites you.
* * * LOW HITPOINT WARNING * * *
You are more poisoned.
The adder poisons you! You block the adder's attack.
It was a potion of cancellation.
You feel magically purged.
* * * LOW HITPOINT WARNING * * *
You feel sick. You block the adder's attack.
You slash the adder!
You kill the adder!
You die...

#########
#.......#
##.......#
........>#
#.....@.#
####.##.#
# #.# #.#
#.# #.#
#.# .#


There were no monsters in sight!

Vanquished Creatures
  An adder (D:2)
  A worm (D:3)
  2 dart slugs
  3 orcs (D:3)
  6 ball pythons
  7 bats
  2 giant cockroaches (D:1)
  3 goblins (D:1)
  4 hobgoblins
  5 jackals (D:1)
  2 quokkas
  3 frilled lizards
  A kobold (D:1)
  3 rats (D:1)
43 creatures vanquished.

Notes
Turn   | Place    | Note
-------+----------+-------------------------------------------
     0 | D:1      | BALLS the Vine Stalker Fighter began the quest for the Orb.
     0 | D:1      | Reached XP level 1. HP: 11/11 MP: 2/2
    69 | D:1      | Reached skill level 2 in Long Blades
   168 | D:1      | Reached XP level 2. HP: 12/16 MP: 3/3
   436 | D:1      | Reached skill level 3 in Long Blades
   445 | D:1      | Reached XP level 3. HP: 17/19 MP: 4/4
   846 | D:1      | Found Suef's Weapon Shop.
   973 | D:2      | You fall into a shaft and drop 1 floor!
  1342 | D:2      | Succumbed to an adder's poison

Illustrated notes

Levels and vault maps discovered:
D:1:      moated_graveyard_arrival, layout_loops_ring, serial_shops,
          nicolae_shop_trees, minmay_pentomino_z4
D:2:      layout_basic, ebering_ecumenical_altar_webs, uniq_natasha,
          uniq_jessica
D:3:      layout_basic, uniq_crazy_yiuf_cottage

Skill      XL: |  1  2 |
---------------+-------+-----
Long Blades    | 2 3 |  3.7
Fighting       | |  2.6
Armour         | |  2.4
Shields        | |  2.6

Action                   || total
-------------------------++-------
Melee: Long sword        ||   124
       Bite              ||    32
  Use: Potion            ||     1
Armor: Scale mail        ||    63
Dodge: Dodged            ||    41
Block: Kite shield       ||    66
       Rpst.: Long sword ||    21
